 Dungeon Crawl Stone Soup version 0.30-a0-737-gf23d94013f (webtiles) character file.

Game seed: 4075796347146790892

31 Dittersdorf the Covered (level 3, -3/23 HPs)
             Began as a Gargoyle Fighter on Feb 1, 2023.
             Killed by nerve-wracking pain
             ... invoked by Jessica
              (6 damage)
             ... on level 2 of the Dungeon.
             The game lasted 00:00:48 (835 turns).

Dittersdorf the Covered (Gargoyle Fighter)           Turns: 835, Time: 00:00:50

Health: -3/23      AC: 11    Str: 21    XL:     3   Next: 22%
Magic:  3/3        EV:  9    Int:  8    God:
Gold:   67         SH:  4    Dex:  9    Spells: 2/2 levels left

rFire   . . .      SeeInvis .    a - +0 flail
rCold   . . .      Faith    .    c - +0 buckler
rNeg    + . .      Spirit   .    b - +0 scale mail
rPois   ∞          Reflect  .    k - +0 helmet
rElec   +          Harm     .    (no cloak)
rCorr   .          Rampage  .    (no gloves)
Will    .....                    (no boots) Stlth
                                 (no amulet)
HPRegen 0.23/turn                (no ring)
MPRegen 0.08/turn                (no ring)

@: no status effects
A: sickness immunity, AC +3, negative energy resistance 1, electricity
resistance, torment resistance 1, petrification resistance
a: no special abilities


You were on level 2 of the Dungeon.
You visited 1 branch of the dungeon, and saw 2 of its levels.

You collected 67 gold pieces.

Inventory:

Hand Weapons
 a - a +0 flail (weapon)
Missiles
 e - 2 poisoned darts (quivered)
Armour
 b - a +0 scale mail (worn)
 c - a +0 buckler (worn)
 k - a +0 helmet (worn)
Scrolls
 f - a scroll of magic mapping {unknown}
 i - a scroll of brand weapon {unknown}
Potions
 d - a potion of might
 g - a potion of lignification {unknown}
 h - a potion of curing {unknown}
 j - 2 potions of cancellation {unknown}


   Skills:
 + Level 3.6 Fighting
 + Level 2.4 Maces & Flails
 + Level 3.7 Armour
 + Level 3.6 Shields


You had 2 spell levels left.
You didn't know any spells.
Your spell library was empty.

Dungeon Overview and Level Annotations

Branches:
Dungeon (2/15)

Altars:

Annotations:
D:2 Jessica, Terence


Innate Abilities, Weirdness & Mutations

You are immune to sickness and miasma.
Your stone body is resilient. (AC +3)
You are immune to poison.
You resist negative energy. (rN+)
You are resistant to electric shocks. (rElec)
You are resistant to unholy torment.
You are immune to petrification.


Message History

You completely miss Terence. The quokka barely misses you.
The goblin hits you but does no damage. The kobold hits you with a +0 club.
Terence hits you with a +0 mace.
You hit Terence.
Terence is lightly wounded.
The quokka bites you but does no damage.
Jessica barely misses you. The kobold hits you but does no damage.
Terence barely misses you. The goblin barely misses you.
The quokka bites you but does no damage.
You sock Terence!
Terence is severely wounded.
Jessica hits you with a +0 club. You block the kobold's attack.
Terence hits you but does no damage. The goblin hits you but does no damage.
The quokka bites you but does no damage.
The goblin hits you but does no damage. The kobold closely misses you.
You block Terence's attack.
Jessica shouts, "I don't like beings like you!"
Jessica zaps a wand.
The roots erupt in riotous growth!
The grasping roots grab you!
The quokka is unaffected.
Terence is unaffected.
The goblin is unaffected.
The kobold is unaffected.
Jessica is unaffected.
The grasping roots constrict you.
You are too injured to fight recklessly!
You are too injured to fight recklessly!
You are too injured to fight recklessly!
You are too injured to fight recklessly!
You are too injured to fight recklessly!
You are too injured to fight recklessly!
You are too injured to fight recklessly!
You are too injured to fight recklessly!
You are too injured to fight recklessly!
You escape the roots grasp.
You block the quokka's attack. The kobold barely misses you.
You block Jessica's attack.
Jessica points at you and mumbles some strange words.
Pain shoots through your body!
* * * LOW HITPOINT WARNING * * *
Jessica attacks as you move away! Jessica closely misses you.
Jessica gestures at you while chanting. Pain shoots through your body!
You die...

............# .#
............# ##.#
.........$..######..#
........!...##......#
.......[............#
.......?...(.#......#
....#.wg@..###.†....#
#.....@K............##
#...##.##r@.....###..#
# #. #.......####.##
.. #.............# ?##
#..........#### ..
#..........# #.
#..[<......# ..
#..........##
#########...# ###.#


You could see Terence, a worm, Jessica, a quokka, a goblin and a kobold.

Vanquished Creatures
  3 ball pythons (D:1)
  3 bats (D:1)
  A giant cockroach (D:2)
  2 goblins (D:1)
  4 hobgoblins (D:1)
  3 jackals (D:1)
  3 quokkas (D:1)
  3 frilled lizards (D:1)
  2 kobolds (D:1)
  3 rats (D:1)
27 creatures vanquished.

Notes
Turn   | Place    | Note
-------+----------+-------------------------------------------
     0 | D:1      | Dittersdorf the Gargoyle Fighter began the quest for the
                  | Orb.
     0 | D:1      | Reached XP level 1. HP: 14/14 MP: 1/1
   121 | D:1      | Reached XP level 2. HP: 14/19 MP: 2/2
   374 | D:1      | Reached XP level 3. HP: 23/23 MP: 3/3
   825 | D:2      | Noticed Jessica
   827 | D:2      | Noticed Terence
   835 | D:2      | Killed from afar by Jessica

Illustrated notes

Levels and vault maps discovered:
D:1:      dpeg_arrival_round_c, layout_basic
D:2:      layout_rooms, uniq_jessica, uniq_crazy_yiuf_cottage, uniq_natasha,
          uniq_terence

Action                     || total
---------------------------++-------
  Melee: Flail             ||   122
 Armour: Scale mail        ||   114
  Dodge: Dodged            ||    85
  Block: Buckler           ||    39

Table legend: (Time is in decaauts)
 A = Elapsed time spent in this place.
 B = Non-inter-level travel time spent in this place.
 C = Inter-level travel time spent in this place.
 D = Time resting spent in this place.
 E = Time spent auto-exploring this place.
 F = Levels seen in this place.
 G = Mean time per level.
                   A        B        C        D        E       F      G
               +--------+--------+--------+--------+--------+-----+--------+
         Total |    875 |    818 |     57 |     62 |    515 |   2 |  437.5 |
       Dungeon |    875 |    818 |     57 |     62 |    515 |   2 |  437.5 |
               +--------+--------+--------+--------+--------+-----+--------+

Top non-repeatable levels by time:
     D:1: 819 daAuts
     D:2: 55 daAuts
